 Dungeon Crawl Stone Soup version 0.30-a0-374-g95c0257040 (webtiles) character file.

Game seed: 10357805705801227992

422 karrick the Cudgeller (level 6, -9/39 HPs)
             Began as a Gargoyle Fighter on Nov 26, 2022.
             Was a Follower of Okawaru.
             Mangled by an ogre
             ... wielding a +0 giant spiked club
              (26 damage)
             ... on level 6 of the Dungeon.
             The game lasted 00:04:17 (2051 turns).

karrick the Cudgeller (Gargoyle Fighter)            Turns: 2051, Time: 00:04:18

Health: -9/39      AC: 14    Str: 20    XL:     6   Next: 95%
Magic:  6/6        EV:  9    Int:  8    God:    Okawaru [*.....]
Gold:   178        SH:  5    Dex: 17    Spells: 5/5 levels left

rFire   . . .      SeeInvis .    a - +0 flail
rCold   . . .      Faith    .    c - +0 buckler
rNeg    + . .      Spirit   .    b - +0 scale mail
rPois   ∞          Reflect  .    u - +0 helmet
rElec   +          Harm     .    (no cloak)
rCorr   .          Rampage  .    s - +0 pair of gloves
Will    .....                    (no boots)
Stlth   ..........               (no amulet)
HPRegen 0.26/turn                h - +6 ring of dexterity
MPRegen 0.10/turn                (no ring)

@: no status effects
A: sickness immunity, AC +4, negative energy resistance 1, electricity
resistance, torment resistance 1, petrification resistance
a: Renounce Religion, Heroism


You were on level 6 of the Dungeon.
You worshipped Okawaru.
Okawaru was aware of your devotion.
You visited 1 branch of the dungeon, and saw 5 of its levels.

You collected 178 gold pieces.

Inventory:

Hand Weapons
 a - a +0 flail (weapon)
 d - the +4 dagger "Morg" {pain, Will+ Int+5}
   (You found it on level 6 of the Dungeon)

   In the hands of one skilled in necromantic magic, it inflicts extra damage on
   living creatures.
   Int:       It affects your intelligence (+5).
   Will:      It increases your willpower.
Armour
 b - a +0 scale mail (worn)
 c - a +0 buckler (worn)
 s - a +0 pair of gloves (worn)
 u - a +0 helmet (worn)
Jewellery
 e - an amulet of regeneration
 h - a +6 ring of dexterity (left hand)
Scrolls
 g - 4 scrolls of enchant weapon {unknown}
 k - a scroll of blinking {unknown}
 l - a scroll of torment {unknown}
 n - a scroll of enchant armour {unknown}
 o - a scroll of amnesia {unknown}
 q - a scroll of brand weapon {unknown}
Potions
 f - 3 potions of attraction {unknown}
 i - 2 potions of cancellation {unknown}
 m - 2 potions of brilliance
 p - a potion of heal wounds {unknown}
 r - a potion of flight {unknown}
 t - a potion of ambrosia {unknown}


   Skills:
 + Level 4.4 Fighting
 + Level 5.2 Maces & Flails
 + Level 4.9 Armour
 + Level 1.0 Stealth
 + Level 4.0 Shields


You had 5 spell levels left.
You didn't know any spells.
Your spell library contained the following spells:

 Spells                   Type           Power      Damage    Failure   Level
 Beastly Appendage        Tmut           0%         N/A       83%         1
 Wereblood                Tmut           0%         N/A       93%         2
 Spider Form              Tmut/Pois      0%         N/A       99%         3


Dungeon Overview and Level Annotations

Branches:
Dungeon (6/15)             Temple (0/1) D:6

Altars:
Okawaru
Qazlal

Shops:
D:2 :


Innate Abilities, Weirdness & Mutations

You are immune to sickness and miasma.
Your stone body is resilient. (AC +4)
You are immune to poison.
You resist negative energy. (rN+)
You are resistant to electric shocks. (rElec)
You are resistant to unholy torment.
You are immune to petrification.


Message History

The hound barely misses you.
You hit the hound but do no damage.
The hound bites you but does no damage. x2
You hit the hound but do no damage. The hound barely misses you. x2
You closely miss the hound. The hound bites you.
The hound bites you but does no damage.
You hit the hound.
The hound is moderately wounded.
You block the hound's attack.
You hit the hound.
The hound is severely wounded.
The hound barely misses you. The hound bites you but does no damage.
You thump the hound!
You kill the hound!
Okawaru accepts your kill.
You can now gain great but temporary skills.
Your Stealth skill increases to level 1!
Your Shields skill increases to level 4!
No target in view!
You now have 178 gold pieces (gained 16).
e - an amulet of regeneration You open the door.
There is an open door here.
f - 3 yellow potions (gained 1)
You open the door.
An ogre comes into view. It is wielding a +0 giant spiked club.
The ogre shouts!
You hear an angry hiss.
Found 3 poisoned darts.
You hit the ogre.
The ogre is lightly wounded.
The ogre hits you with a +0 giant spiked club!!
Ouch! That really hurt!
You are too injured to fight recklessly!
You are too injured to fight recklessly!
Okay, then.
You thump the ogre!
The ogre is moderately wounded.
An adder comes into view.
The ogre hits you with a +0 giant spiked club!!
Ouch! That really hurt!
You die...

....# ....
...###+#######
..>..........#
.............#####
.............#...#
.............#...#
.............'...#
.............#..@#
###..........#...OS..(..
############...#.##.##
#...### #####


You could see an ogre and an adder.

Vanquished Creatures
  2 centaurs (D:6)
  A jelly (D:3)
  2 hounds (D:6)
  An orc priest (D:3)
  An iguana (D:3)
  5 adders
  A white imp (D:5)
  A dart slug (D:1)
  3 orcs (D:3)
  7 ball pythons
  7 endoplasms
  3 giant cockroaches
  5 goblins
  4 hobgoblins
  4 quokkas
  A bat (D:1)
  A frilled lizard (D:3)
  4 kobolds
  2 rats
55 creatures vanquished.

Notes
Turn   | Place    | Note
-------+----------+-------------------------------------------
     0 | D:1      | karrick the Gargoyle Fighter began the quest for the Orb.
     0 | D:1      | Reached XP level 1. HP: 14/14 MP: 1/1
   124 | D:1      | Reached XP level 2. HP: 19/19 MP: 2/2
   373 | D:1      | Found a faded altar of an unknown god.
   423 | D:1      | Reached XP level 3. HP: 23/23 MP: 3/3
   908 | D:2      | Found Woneups's Book Boutique.
  1122 | D:2      | Reached skill level 3 in Maces & Flails
  1122 | D:2      | Reached XP level 4. HP: 29/29 MP: 4/4
  1393 | D:3      | Found a stormy altar of Qazlal.
  1598 | D:3      | Reached XP level 5. HP: 33/33 MP: 5/5
  1814 | D:3      | You fall into a shaft and drop 2 floors!
  1814 | D:5      | Entered Level 5 of the Dungeon
  1814 | D:5      | Found an iron altar of Okawaru.
  1818 | D:5      | Became a worshipper of Warmaster Okawaru
  1841 | D:5      | Reached skill level 4 in Maces & Flails
  1868 | D:6      | Noticed a centaur
  1868 | D:6      | Found the +4 dagger "Morg" {pain, Will+ Int+5}
  1873 | D:6      | Found a staircase to the Ecumenical Temple.
  1874 | D:6      | Noticed a centaur
  1881 | D:6      | Killed a centaur
  1882 | D:6      | Reached XP level 6. HP: 15/38 MP: 6/6
  1893 | D:6      | Reached skill level 5 in Maces & Flails
  2016 | D:6      | Reached * piety under Okawaru
  2017 | D:6      | Reached skill level 1 in Stealth
  2051 | D:6      | Mangled by an ogre

Illustrated notes

Levels and vault maps discovered:
D:1:      saegor_arrival_fortress, layout_basic,
          hellmonk_ecumenical_altar_heavens_door, st_stairs_4,
          minmay_tetromino_l4
D:2:      layout_loops_ring, serial_aquarium, aquarium_bridge_square
          [aquarium_subvault_bridge, aquarium_subvault_bridge,
          aquarium_subvault_window, aquarium_subvault_wall],
          aquarium_bridge_long_separate [aquarium_subvault_bridge,
          aquarium_subvault_bridge, aquarium_subvault_window,
          aquarium_subvault_bridge, aquarium_subvault_window,
          aquarium_subvault_wall], aquarium_window_corridor_1,
          aquarium_window_corner, aquarium_view_2f, serial_shops, shop
D:3:      layout_basic, mainiacjoe_overflow_24_doors, minmay_cupped
D:5:      black_bear_nest_2, layout_cave_pools, okawaru_gym_becter, hex_large,
          uniq_menkaure
D:6:      cheibrodos_two_vegetables, layout_basic, marbit_many_paths,
          minmay_temple_entry_stoned_glass

Skill      XL: |  1  2  3  4  5  6 |
---------------+-------------------+-----
Maces & Flails | 3 4 5 |  5.2
Armour         | 4 |  4.9
Fighting       | 4 |  4.4
Stealth        | 1 |  1.0
Shields        | 4 |  4.0

Action                   |  1- 3 |  4- 6 || total
-------------------------+-------+-------++-------
Melee: Flail             |    75 |    64 ||   139
  Use: Potion            |       |     4 ||     4
       Scroll            |       |     2 ||     2
Armor: Scale mail        |    35 |    58 ||    93
Dodge: Dodged            |    38 |    47 ||    85
Block: Buckler           |    18 |    19 ||    37

Table legend: (Time is in decaauts)
 A = Elapsed time spent in this place.
 B = Non-inter-level travel time spent in this place.
 C = Inter-level travel time spent in this place.
 D = Time resting spent in this place.
 E = Time spent auto-exploring this place.
 F = Levels seen in this place.
 G = Mean time per level.
                   A        B        C        D        E       F      G
               +--------+--------+--------+--------+--------+-----+--------+
         Total |   2087 |   2028 |     59 |     75 |   1498 |   5 |  417.4 |
       Dungeon |   2087 |   2028 |     59 |     75 |   1498 |   5 |  417.4 |
               +--------+--------+--------+--------+--------+-----+--------+

Top non-repeatable levels by time:
     D:2: 764 daAuts
     D:1: 624 daAuts
     D:3: 456 daAuts
     D:6: 186 daAuts
     D:5: 55 daAuts
